 Dungeon Crawl Stone Soup version 0.20-a0-256-gabb291d (webtiles) character file.

523573 shinino the Axe Maniac (level 24, -4/240 HPs)
             Began as a Minotaur Berserker on Dec 1, 2016.
             Was an Elder of Trog.
             Killed by a malign offering
             ... invoked by a deep elf high priest
              (25 damage)
             ... on level 5 of the Vaults on Dec 2, 2016.
             The game lasted 04:20:59 (52459 turns).

shinino the Axe Maniac (Minotaur Berserker)        Turns: 52459, Time: 04:21:00

Health: -4/240     AC: 35    Str: 26    XL:     24   Next: 72%
Magic:  34/34      EV: 22    Int:  4    God:    Trog [****..]
Gold:   1589       SH:  3    Dex: 29    Spells: 23/23 levels left

rFire  + + +     SeeInvis .     a - +5 executioner's axe "Bid Caor" {chop, rF+ rC+ Str+4 Dex-2}
rCold  + + +     Gourm    .     G - +2 gold dragon scales
rNeg   . . .     Faith    .     (shield currently unavailable)
rPois  +         Spirit   .     (helmet restricted)
rElec  .         Reflect  +     D - +2 cloak
rCorr  .         Harm     .     d - +1 pair of gloves of the Apprentice {+Fly Dex+7}
MR     .....                    S - +2 pair of boots
Stlth  ..........               H - +3 amulet of reflection
                                T - ring of Atheism {+Inv rF+ rC+ MR- Dex+2}
                                Z - ring of Shadows {Umbra +Inv Stlth+}

@: marked, wreathed by umbra, studying Crossbows
A: retaliatory headbutt, claws 1, horns 2, talons 2, fire resistance 1
}: 2/15 runes: decaying, gossamer
a: Berserk, Trog's Hand, Brothers in Arms, Burn Spellbooks, Renounce Religion,
Evoke Invisibility, Evoke Flight


You were on level 5 of the Vaults.
You worshipped Trog.
Trog was greatly pleased with you.
You were not hungry.

You visited 8 branches of the dungeon, and saw 44 of its levels.
You also visited: Labyrinth and Ice Cave.

You collected 5476 gold pieces.
You spent 3887 gold pieces at shops.

Inventory:

Hand Weapons
 a - the +5 executioner's axe "Bid Caor" (weapon) {chop, rF+ rC+ Str+4 Dex-2}
   (You acquired it on level 3 of the Spider Nest)

   It inflicts extra damage upon your enemies.
   It affects your strength (+4).
   It affects your dexterity (-2).
   It protects you from fire.
   It protects you from cold.
 y - a +8 executioner's axe of freezing
Armour
 d - the +1 pair of gloves of the Apprentice (worn) {+Fly Dex+7}
   (You found it on level 4 of the Spider Nest)

   It affects your dexterity (+7).
   It lets you fly.
 D - a +2 cloak (worn)
 G - +2 gold dragon scales (worn)
 S - a +2 pair of boots (worn)
Rods
 b - a +0 iron rod (11/11)
   (You found it on level 14 of the Dungeon)
 h - a +0 lightning rod (14/14)
   (You found it on level 1 of the Swamp)
Jewellery
 F - the ring "Fadaleiwk" {rF+ rC+ Int+2, unknown}
   (You took it off an ironbrand convoker on level 5 of the Vaults)

   [ring of protection from cold]

   It affects your intelligence (+2).
   It protects you from fire.
   It protects you from cold.
 H - a +3 amulet of reflection (around neck)
 M - the ring of Guyttourghu {rPois rN+++ Str+3 Slay-4 Stlth+}
   (You found it on level 10 of the Dungeon)

   [ring of stealth]

   It affects your strength (+3).
   It affects your accuracy and damage with ranged weapons and melee attacks
   (-4).
   It protects you from poison.
   It renders you almost immune to negative energy.
   It makes you more stealthy.
 T - the ring of Atheism (right hand) {+Inv rF+ rC+ MR- Dex+2}
   (You took it off an orc on level 5 of the Depths)

   [ring of protection from fire]

   It affects your dexterity (+2).
   It protects you from fire.
   It protects you from cold.
   It affects your resistance to hostile enchantments.
   It lets you turn invisible.
 Z - the ring of Shadows (left hand) {Umbra +Inv Stlth+}
   (You found it on level 5 of the Lair of Beasts)

   [ring of stealth]

   It lets you turn invisible.
   It makes you more stealthy.
Wands
 g - a wand of flame (15/48)
 I - a wand of paralysis (1/24)
 Q - a wand of flame (13/48)
 R - a wand of teleportation (4/9)
 V - a wand of digging (13/24)
Scrolls
 e - 17 scrolls of remove curse
 f - 6 scrolls of fear
 j - 13 scrolls of teleportation
 n - 10 scrolls of noise
 o - 2 scrolls of holy word
 r - 12 scrolls of immolation
 t - 16 scrolls of identify
 u - 10 scrolls of magic mapping
 v - 2 scrolls of torment
 x - 8 scrolls of recharging
 E - 12 scrolls of fog
 N - 2 scrolls of vulnerability
Potions
 i - 3 potions of berserk rage
 m - 6 potions of curing
 p - a potion of haste
 s - 6 potions of agility
 A - 6 potions of lignification
 B - 7 potions of flight
 C - 2 potions of resistance
 J - 3 potions of cure mutation
 Y - 6 potions of ambrosia
Books
 O - a manual of Crossbows
Miscellaneous
 k - a lamp of fire
 l - a sack of spiders
 w - a phial of floods
 L - 2 boxes of beasts
 P - a disc of storms
 W - a fan of gales
Comestibles
 c - 25 bread rations
 q - 9 chunks of flesh
 z - 15 meat rations
 X - 8 beef jerkies


   Skills:
 + Level 24.6 Fighting
 O Level 27 Axes
 + Level 20.0 Armour
 + Level 20.3 Dodging
 - Level 16.5 Evocations


You had 23 spell levels left.
You didn't know any spells.

Dungeon Overview and Level Annotations

Branches:
Dungeon (15/15)            Temple (0/1) D:4            Lair (6/6) D:10
  Swamp (4/4) Lair:4       Spider (4/4) Lair:2        Slime (0/5) Lair:6
    Orc (2/2) D:11            Elf (3/3) Orc:2        Vaults (5/5) D:14
  Crypt (0/3) Vaults:3     Depths (5/5) D:15            Zot (0/5) Depths:5

Altars:
Dithmenos
Kikubaaqudgha
Yredelemnul
Zin
The Shining One
Jiyva

Shops:
D:5 *   Orc:1 :   Orc:2 *((   Elf:3 [!*   Vaults:1 (   Vaults:5 !
Depths:2 *%(

Portals:
Hell: Depths:1 Depths:2 Depths:3 Depths:4 Depths:5
Abyss: Depths:1 Depths:3
Pandemonium: Depths:3
Ziggurat: Depths:2


Innate Abilities, Weirdness & Mutations

You reflexively headbutt those who attack you in melee.
You have a pair of horns on your head.
You have sharp fingernails.
You have razor-sharp toenails.
Your flesh is heat resistant. (rF+)


Message History

* * * LOW HITPOINT WARNING * * *
You feel very sick.
The deep elf high priest shoots an arrow.
The arrow hits you.
* * * LOW HITPOINT WARNING * * *
The vault sentinel points at you and mumbles some strange words.
A sentinel's mark forms upon you.
You can move again.
You see here an arrow.
Okay, then.
You are confused.
You feel invigorated.
* * * LOW HITPOINT WARNING * * *
You feel very sick.
The deep elf high priest shoots an arrow.
The arrow closely misses you.
You feel better.
You feel less invigorated.
The elephant changes into a faun!
The deep elf high priest utters a dark prayer and points at you.
Your life force is offered up.
You die...

)<<.....,,,,,,,,,,,,,,,,,,,,,,,,,
......##*********************,,,,
.....e..,.,,,,,,,,,,,,,,,,,,,,,,,
....#...,..,,,,**'**,,,,,,,,,,*,,
....#,..,,.e,,,*,,,*,,,,,,,,,,*,,
....#,,#***#.,,*,,,*,,,*****,,*,,
....#,,*,,,#..,*,,,*,,.#c,,*,,*,,
,,,,*,,',,,#.§§#####...c.,,*,,*,,
,,,,*,,*,,,#.§.§@k.....#,,,*,,*,,
,,,,*,,****#.§§c.(..p..#****,,*,,
,,,,*,,,,....§.#####.....,,,,,*,,
,,,,*,,,,......*,,,*,....,,,,,*,,
,,,,*,,,,.....,*,,,',,...,,,,,*,,
,,,,*,,,,.....,*,,,*,,,..,,,,,*,,
,,,,*,,,,....,,*****,,,,.,,,,,*,,
,,,,*,,**###.,,,,,,,,,,*****,,*,,
,,,,*,,*,,,*,,,,,,,,,,,*,,,*,,*,,


You could see a yaktaur captain, a death drake, a vault sentinel, a faun shaped
shifter and a deep elf high priest.

Vanquished Creatures
  Mara (Spider:3)
  A juggernaut (Depths:2)
  Boris (Depths:4)
  Bai Suzhen (Elf:3)
  Xtahua (Vaults:3)
  A caustic shrike (Depths:5)
  5 golden dragons
  Saint Roka (Depths:3)
  2 liches (Depths:2)
  Jorgrun (Spider:4)
  4 tentacled monstrosities
  Rupert (D:14)
  2 deep elf master archers (Elf:3)
  Asterion (Spider:1)
  3 deep elf blademasters
  Agnes (Elf:1)
  5 sphinxes
  2 thorn hunters
  2 storm dragons (Vaults:5)
  The ghost of fazisi the Destroyer, an adept DgFE (Swamp:3)
  Donald (Spider:1)
  3 tengu reavers
  Kirke (D:12)
  4 shadow dragons
  9 fire giants
  2 draconian scorchers (Depths:5)
  11 frost giants
  6 ghost moths
  7 emperor scorpions
  4 deep elf sorcerers
  2 iron dragons (Depths:5)
  11 vault wardens
  A ghoul (Vaults:1)
  Louise (Spider:4)
  A draconian annihilator (Depths:5)
  A war gargoyle (Vaults:3)
  3 spriggan defenders (Depths:5)
  20 ironheart preservers
  7 entropy weavers
  2 deep elf elementalists
  24 stone giants
  31 very ugly things
  3 vampire knights (Depths:5)
  Nessos (D:14)
  Azrael (Spider:1)
  6 deep elf demonologists (Elf:3)
  2 deep elf annihilators (Elf:3)
  2 spark wasps
  Snorg (Lair:6)
  An eidolon (Vaults:3)
  9 ettins
  A green death (Depths:3)
  A merfolk impaler (Depths:4)
  8 fire dragons
  11 deep elf death magi
  4 deep elf high priests
  A minotaur (Lab)
  17 great orbs of eyes
  20 yaktaur captains
  21 hydras
  15 ice dragons
  10 rakshasas
  A catoblepas (Lair:4)
  4 spriggan air magi
  32 vault guards
  An anaconda (Swamp:2)
  A merfolk aquamancer (Depths:5)
  2 ghost crabs
  3 death knights
  13 centaur warriors
  2 queen ants (shapeshifter)
  8 alligators
  7 vampire magi
  9 death yaks
  5 tengu warriors
  14 ogre magi
  12 deep troll earth magi
  8 deep troll shamans
  A naga sharpshooter (Depths:5)
  25 dancing weapons
  5 spriggan berserkers
  3 orc high priests
  19 deep elf knights
  14 spriggans
  A sun demon (Depths:3)
  4 large abominations
  Sonja (D:12)
  6 iron trolls
  10 hell knights
  A shadow wraith (Vaults:4)
  29 deep trolls
  A salamander mystic (Depths:4)
  An iron troll (shapeshifter) (Depths:3)
  2 skeletal warriors
  A torturous demonspawn (Depths:3)
  2 flayed ghosts
  3 glowing orange brains
  2 spriggan druids (Swamp:2)
  2 shambling mangroves
  9 phantasmal warriors
  8 deep elf archers
  4 lindwurms
  6 unseen horrors
  2 wizards
  An obsidian statue (D:10)
  8 hill giants
  12 necromancers
  13 orc knights
  A tengu zombie (Depths:2)
  10 ironbrand convokers
  4 harpies (Vaults:4)
  9 swamp dragons
  A shining eye (Depths:2)
  62 deep elf magi
  26 wolf spiders
  23 orb spiders
  8 orc sorcerers
  2 harpies (shapeshifter)
  A shining eye (shapeshifter) (Depths:1)
  A moth of wrath (Spider:3)
  An oklob plant (Lair:6)
  38 ugly things
  2 salamanders (Depths:4)
  A manticore (D:13)
  6 cyclopes
  Psyche (D:9)
  A fire giant skeleton (Depths:2)
  3 centaur zombies
  2 guardian serpents (shapeshifter)
  11 black mambas
  A stone giant skeleton (Vaults:3)
  An ice statue (IceCv)
  A smoke demon (Depths:5)
  A centaur skeleton (D:15)
  18 vault sentinels
  5 torpor snails (Lair:6)
  8 spiny frogs
  A gargoyle (D:11)
  3 human zombies
  6 freezing wraiths
  4 kobold demonologists (D:13)
  15 komodo dragons
  A komodo dragon (shapeshifter) (Depths:2)
  58 yaktaurs
  15 demonic crawlers
  3 rime drakes
  A human skeleton (Vaults:3)
  A queen bee (Lair:1)
  2 tengu conjurers (Depths:3)
  10 trolls
  24 jumping spiders
  A meliai (shapeshifter) (Vaults:5)
  20 polar bears
  12 tyrant leeches
  A hornet (shapeshifter) (Vaults:4)
  A troll (shapeshifter) (Vaults:3)
  A queen bee (shapeshifter) (Vaults:5)
  27 blink frogs
  Grinder (D:5)
  19 two-headed ogres
  A raiju (shapeshifter) (Vaults:2)
  23 hornets
  6 hippogriffs
  A frost giant simulacrum (Depths:2)
  A dream sheep (Lair:5)
  A meliai zombie (D:13)
  34 slime creatures
  3 bog bodies
  A stone giant simulacrum (Vaults:2)
  2 human simulacra
  6 air elementals
  A tarantella (shapeshifter) (Vaults:1)
  31 tarantellas
  3 wraiths
  A redback (shapeshifter) (Depths:2)
  2 shadows
  A ynoxinul (Depths:3)
  57 redbacks
  7 fire elementals
  6 wyverns
  2 vampires
  An orc simulacrum (Vaults:2)
  6 hogs
  12 water elementals
  41 yaks
  16 humans
  4 basilisks
  An elf simulacrum (Depths:2)
  2 golden eyes (shapeshifter)
  15 vampire mosquitoes
  4 hungry ghosts
  2 steam dragons (Lair:6)
  A golden eye (Lair:6)
  3 chaos spawn (Depths:3)
  Menkaure (D:7)
  A naga (shapeshifter) (Vaults:4)
  4 wargs
  An acid dragon (shapeshifter) (Depths:2)
  3 acid dragons
  11 water moccasins
  17 swamp worms
  5 floating eyes
  A hell hound (Spider:1)
  27 orc warriors
  8 porcupines
  12 swamp drakes
  A swamp drake (shapeshifter) (Vaults:5)
  5 ice beasts
  6 phantoms
  An ice beast (shapeshifter) (Depths:4)
  2 black bears
  3 sky beasts
  A necrophage (D:10)
  52 ogres
  22 boggarts
  26 wolves
  A hornet zombie (D:12)
  49 centaurs
  9 crocodiles
  A crocodile (shapeshifter) (Depths:3)
  10 small abominations
  4 big kobolds
  8 bullfrogs
  A big kobold (shapeshifter) (Vaults:4)
  3 earth elementals (Elf:3)
  7 scorpions
  A wyvern skeleton (D:15)
  2 troll zombies (D:11)
  44 killer bees
  9 wights (D:13)
  11 electric eels
  3 howler monkeys
  4 crimson imps
  4 bullfrog zombies
  12 hounds
  2 quasits
  15 orc priests
  6 jellies
  23 orc wizards
  4 bullfrog skeletons
  A water moccasin simulacrum (D:8)
  5 iguanas
  Terence (D:3)
  12 worker ants
  A bullfrog simulacrum (D:8)
  A centaur simulacrum (D:8)
  5 ogre zombies (D:11)
  3 hound skeletons
  17 adders
  11 gnolls
  2 howler monkey skeletons
  6 shadow imps
  3 white imps (D:8)
  An ufetubus (D:8)
  An ooze (D:6)
  An adder skeleton (D:8)
  4 worms
  4 leopard geckos
  81 orcs
  3 ball pythons
  2 bats (D:1)
  12 giant cockroaches
  2 goblins
  6 hobgoblins
  2 jackals (D:2)
  17 kobolds
  5 quokkas
  3 frilled lizards
  A goblin skeleton (D:11)
  5 goblin zombies (D:11)
  3 hobgoblin skeletons (D:11)
  2 hobgoblin zombies (D:11)
  A jackal zombie (D:7)
  A leopard gecko skeleton (D:5)
  2 orc skeletons (D:11)
  9 orc zombies
  2 quokka skeletons (D:4)
  6 rats
  2 fungi
  4 plants
2109 creatures vanquished.

Vanquished Creatures (collateral kills)
  Mennas (Vaults:4)
  A frost giant (IceCv)
  An entropy weaver (Spider:4)
  A centaur warrior (D:14)
  Urug (D:14)
  A spriggan berserker (Depths:1)
  An orc high priest (Orc:2)
  A deep elf mage (Vaults:5)
  A wolf spider (Spider:4)
  3 orb spiders
  A vault sentinel (Vaults:5)
  A demonic crawler (Spider:4)
  2 jumping spiders
  3 redbacks (Spider:4)
  3 tarantellas (Spider:4)
  A hill giant zombie (D:11)
  2 hogs (D:12)
  A human (D:14)
  An orc warrior (Depths:3)
  An electric eel (D:10)
  A goblin skeleton (D:11)
  A hobgoblin zombie (D:11)
  2 orc zombies (D:11)
  A bush (Lair:6)
33 creatures vanquished.

Vanquished Creatures (others)
  A ghost moth (Spider:4)
  A deep elf high priest (Elf:3)
  An ironbrand convoker (Vaults:3)
  A vault sentinel (Vaults:5)
  A basilisk (Lair:6)
  A human (D:12)
  An orc warrior (Vaults:1)
  An orc priest (Orc:2)
  An iguana (Lair:6)
  3 orcs (D:13)
  14 plants
26 creatures vanquished.

Grand Total: 2168 creatures vanquished

Notes
Turn   | Place    | Note
-------+----------+-------------------------------------------
     0 | D:1      | shinino the Minotaur Berserker began the quest for the Orb.
     0 | D:1      | Reached XP level 1. HP: 19/19 MP: 0/0
    54 | D:1      | Reached skill level 4 in Axes
   104 | D:1      | Reached XP level 2. HP: 23/26 MP: 1/1
   700 | D:2      | Reached skill level 5 in Axes
   754 | D:2      | Reached XP level 3. HP: 10/31 MP: 2/2
  1634 | D:3      | Noticed Terence
  1644 | D:3      | Killed Terence
  1644 | D:3      | Reached XP level 4. HP: 35/39 MP: 3/3
  1691 | D:3      | Reached skill level 6 in Axes
  1703 | D:3      | Reached ** piety under Trog
  2215 | D:3      | Reached skill level 7 in Axes
  2215 | D:3      | Reached XP level 5. HP: 45/45 MP: 4/4
  2292 | D:4      | Reached skill level 8 in Axes
  2457 | D:4      | Noticed a phantom
  2476 | D:4      | Killed a phantom
  2476 | D:4      | Reached XP level 6. HP: 51/51 MP: 5/5
  2530 | D:4      | Reached skill level 9 in Axes
  2534 | D:4      | Found a staircase to the Ecumenical Temple.
  2864 | D:4      | Reached XP level 7. HP: 57/57 MP: 6/6
  3049 | D:5      | Entered Level 5 of the Dungeon
  3078 | D:5      | Reached skill level 10 in Axes
  3097 | D:5      | Found Doluru's General Store.
  3109 | D:5      | Bought a potion of flight for 33 gold pieces
  3109 | D:5      | Bought a scroll of enchant weapon for 82 gold pieces
  3227 | D:5      | Noticed Grinder
  3236 | D:5      | Killed Grinder
  3236 | D:5      | Reached skill level 11 in Axes
  3236 | D:5      | Reached XP level 8. HP: 54/64 MP: 7/7
  3246 | D:5      | Found Fuiket's Distillery.
  3952 | D:6      | Reached skill level 5 in Fighting
  4198 | D:6      | Reached skill level 12 in Axes
  4209 | D:6      | Got an encrusted war axe
  4213 | D:6      | Identified the +10 war axe of Precise Incision {chop, rC+} (You found it on level 6 of the Dungeon)
  4280 | D:7      | Reached skill level 5 in Armour
  4291 | D:7      | Gained mutation: You are robust. (+10% HP) [mutagenic meat]
  4292 | D:7      | Gained mutation: Your muscles are strong. (Str +2) [mutagenic meat]
  4293 | D:7      | Gained mutation: You have supernaturally acute eyesight. (SInv) [mutagenic meat]
  4295 | D:7      | Gained mutation: You have a pair of large horns on your head. [mutagenic meat]
  4296 | D:7      | Gained mutation: You are very robust. (+20% HP) [mutagenic meat]
  4394 | D:7      | Noticed Menkaure
  4396 | D:7      | Killed Menkaure
  4396 | D:7      | Reached XP level 9. HP: 88/90 MP: 8/8
  4618 | D:7      | Reached *** piety under Trog
  4987 | D:8      | Reached skill level 13 in Axes
  5120 | D:8      | Gained mutation: You have sharp fingernails. [mutagenic meat]
  5165 | D:8      | Reached XP level 10. HP: 96/108 MP: 9/9
  5338 | D:8      | Reached **** piety under Trog
  5339 | D:8      | Received a gift from Trog
  5783 | D:9      | Noticed Psyche
  5789 | D:9      | Killed Psyche
  6599 | D:10     | Entered Level 10 of the Dungeon
  6599 | D:10     | Noticed an obsidian statue
  6602 | D:10     | Noticed a sixfirhy
  6606 | D:10     | Noticed a sun demon
  6621 | D:10     | Found a staircase to the Lair.
  6627 | D:10     | Noticed a hill giant
  6641 | D:10     | Reached skill level 14 in Axes
  6647 | D:10     | Killed a hill giant
  6647 | D:10     | Reached skill level 10 in Fighting
  7025 | D:10     | Got a scintillating silver ring
  7285 | D:10     | Identified the ring of Guyttourghu {rPois rN+++ Str+3 Slay-4 Stlth+} (You found it on level 10 of the Dungeon)
  7365 | D:10     | Noticed a hill giant
  7366 | D:10     | Noticed a cyan ugly thing
  7376 | D:10     | Killed a hill giant
  7376 | D:10     | Reached skill level 10 in Armour
  7379 | D:10     | Killed a cyan ugly thing
  7379 | D:10     | Reached XP level 11. HP: 107/121 MP: 10/10
  7420 | D:10     | Noticed an unseen horror
  7423 | D:10     | Killed an unseen horror
  7423 | D:10     | Reached skill level 1 in Evocations
  7789 | D:10     | Noticed a sixfirhy
  7810 | D:10     | Noticed a soul eater
  8074 | Lair:1   | Entered Level 1 of the Lair of Beasts
  8915 | Lair:2   | Found a hole to the Spider Nest.
  8975 | Lair:2   | Reached skill level 15 in Axes
  9007 | Lair:2   | Reached skill level 5 in Dodging
  9520 | Lair:2   | Found a glowing silver altar of Zin.
  9959 | Lair:3   | Reached skill level 5 in Evocations
 10097 | Lair:3   | Got a distressingly furry scale mail
 10108 | Lair:3   | Reached XP level 12. HP: 112/128 MP: 14/14
 10535 | Lair:4   | Found a labyrinth entrance.
 10535 | Lair:4   | Noticed a catoblepas
 10550 | Lair:4   | Killed a catoblepas
 10564 | Lab      | Entered a labyrinth
 11230 | Lab      | Noticed a minotaur
 11242 | Lab      | Killed a minotaur
 11304 | Lab      | Identified the +6 scale mail of Satisfaction {Regen+} (You found it on level 3 of the Lair of Beasts)
 11333 | Lab      | Identified a +1 rod of shadows (7/11) (You took it off a minotaur in a labyrinth)
 11334 | Lab      | Identified a +8 rod of inaccuracy (10/10) (You found it in a labyrinth)
 11399 | Lair:4   | Reached skill level 16 in Axes
 11408 | Lair:4   | Found a glowing golden altar of the Shining One.
 11594 | Lair:4   | Noticed a death yak
 11595 | Lair:4   | Noticed a death yak
 11596 | Lair:4   | Noticed a death yak
 11597 | Lair:4   | Noticed a death yak
 11599 | Lair:4   | Noticed a death yak
 11606 | Lair:4   | Killed a death yak
 11620 | Lair:4   | Killed a death yak
 11629 | Lair:4   | Killed a death yak
 11644 | Lair:4   | Killed a death yak
 11660 | Lair:4   | Killed a death yak
 11969 | Lair:4   | Found a staircase to the Swamp.
 12014 | Lair:4   | Reached skill level 10 in Dodging
 12601 | Lair:5   | Reached XP level 13. HP: 136/136 MP: 17/17
 12907 | Lair:5   | Got a shimmering pewter ring
 12963 | Lair:5   | Identified the ring "Zuotaot" {Wiz rF+ rN+} (You found it on level 5 of the Lair of Beasts)
 13320 | Lair:5   | Reached skill level 17 in Axes
 13451 | Lair:6   | Entered Level 6 of the Lair of Beasts
 13501 | Lair:6   | Noticed Snorg
 13514 | Lair:6   | Killed Snorg
 13708 | Lair:6   | Found a viscous altar of Jiyva.
 13709 | Lair:6   | Found a staircase to the Slime Pits.
 13818 | Lair:6   | Found a frozen archway.
 13857 | IceCv    | Entered an ice cave
 14086 | IceCv    | Reached ***** piety under Trog
 14175 | IceCv    | Received a gift from Trog
 14304 | IceCv    | Noticed a frost giant
 14337 | IceCv    | Killed a frost giant
 14354 | IceCv    | Reached XP level 14. HP: 95/150 MP: 20/20
 15246 | Lair:6   | Found a runed door.
 15848 | Lair:6   | Reached skill level 18 in Axes
 16150 | D:11     | Found a staircase to the Orcish Mines.
 16326 | D:11     | Received a gift from Trog
 16639 | D:11     | Got a translucent tin ring
 16680 | D:11     | Identified the cursed ring "Roddat" {rC++ EV-2 Dex+6 Slay+2} (You found it on level 11 of the Dungeon)
 16775 | D:11     | Received a gift from Trog
 16861 | D:12     | Reached skill level 15 in Dodging
 16889 | D:12     | Noticed Sonja
 16895 | D:12     | Killed Sonja
 16895 | D:12     | Reached skill level 10 in Evocations
 17287 | D:12     | Noticed Kirke
 17503 | D:12     | Killed Kirke
 17960 | Orc:1    | Entered Level 1 of the Orcish Mines
 18185 | Orc:2    | Entered Level 2 of the Orcish Mines
 18326 | Orc:2    | Found a staircase to the Elven Halls.
 18726 | Orc:2    | Reached XP level 15. HP: 105/163 MP: 21/21
 18915 | Orc:1    | Found Jozesk's Book Shoppe.
 19113 | Orc:2    | Found Yxeap's Antique Weapon Shop.
 19113 | Orc:2    | Found Daelu's General Store.
 19115 | Orc:2    | Found Ydexadd's Book Shop.
 19115 | Orc:2    | Found Odicit's Weapon Emporium.
 19126 | Orc:2    | Bought a scroll of enchant armour for 112 gold pieces
 19126 | Orc:2    | Bought a scroll of identify for 30 gold pieces
 19126 | Orc:2    | Bought a disc of storms for 300 gold pieces
 19126 | Orc:2    | Bought a potion of cure mutation for 375 gold pieces
 19566 | D:5      | Bought a potion of curing for 39 gold pieces
 19566 | D:5      | Bought a potion of resistance for 130 gold pieces
 19566 | D:5      | Bought a potion of agility for 52 gold pieces
 19566 | D:5      | Bought a potion of curing for 39 gold pieces
 19566 | D:5      | Bought a potion of curing for 39 gold pieces
 19566 | D:5      | Bought a potion of mutation for 32 gold pieces
 19566 | D:5      | Bought a potion of lignification for 39 gold pieces
 19566 | D:5      | Bought 2 potions of cure mutation for 650 gold pieces
 19566 | D:5      | Bought a potion of resistance for 130 gold pieces
 19566 | D:5      | Bought a potion of agility for 52 gold pieces
 19569 | D:5      | Gained mutation: Your mind is acute. (Int +2) [potion of mutation]
 19569 | D:5      | Gained mutation: Your magical capacity is low. (-10% MP) [potion of mutation]
 19569 | D:5      | Gained mutation: You can translocate small distances at will. [potion of mutation]
 19570 | D:5      | Gained mutation: You tend to lose your temper in combat. [potion of mutation]
 19570 | D:5      | Lost mutation: You can translocate small distances at will. [potion of mutation]
 20522 | D:13     | Reached skill level 19 in Axes
 20820 | D:14     | Found a gate to the Vaults.
 20820 | D:14     | Noticed Rupert
 20820 | D:14     | Noticed Urug
 20832 | D:14     | Killed Rupert
 20835 | D:14     | Killed Urug
 21089 | D:14     | Noticed Nessos
 21092 | D:14     | Killed Nessos
 21640 | Spider:1 | Entered Level 1 of the Spider Nest
 21767 | Spider:1 | Received a gift from Trog
 21961 | Spider:1 | Noticed Azrael
 21977 | Spider:1 | Killed Azrael
 22149 | Spider:1 | Noticed Asterion
 22155 | Spider:1 | Killed Asterion
 22262 | Spider:1 | Noticed a ghost moth
 22273 | Spider:1 | Killed a ghost moth
 22917 | Spider:1 | Noticed Donald
 22927 | Spider:1 | Killed Donald
 23150 | Spider:1 | Reached XP level 16. HP: 166/176 MP: 21/21
 23429 | Spider:2 | Reached skill level 15 in Fighting
 23444 | Spider:2 | Received a gift from Trog
 23457 | Spider:2 | Got a polished triple sword {god gift}
 23536 | Spider:2 | Identified the +9 triple sword of Oky Note {slice, rN+} (Trog gifted it to you on level 2 of the Spider Nest)
 24643 | Spider:3 | Identified a scroll of acquirement
 24645 | Spider:3 | Got a polished executioner's axe
 24646 | Spider:3 | Identified the +5 executioner's axe "Bid Caor" {chop, rF+ rC+ Str+4 Dex-2} (You acquired it on level 3 of the Spider Nest)
 24930 | Spider:4 | Entered Level 4 of the Spider Nest
 25135 | Spider:4 | Reached skill level 20 in Axes
 25213 | Spider:4 | Noticed Louise
 25229 | Spider:4 | Killed Louise
 25254 | Spider:4 | Noticed Jorgrun
 25267 | Spider:4 | Killed Jorgrun
 25323 | Spider:4 | Gained mutation: You are partially covered in yellow scales. (AC +2) [mutagenic meat]
 25324 | Spider:4 | Lost mutation: You are very robust. (+20% HP) [mutagenic meat]
 25327 | Spider:4 | Gained mutation: You have sharp toenails. [mutagenic meat]
 25476 | Spider:4 | Received a gift from Trog
 25492 | Spider:4 | Noticed Mara
 25531 | Spider:3 | Gained mutation: You are surrounded by a mild repulsion field. (EV +2) [mutagenic meat]
 25534 | Spider:3 | Lost mutation: Your mind is acute. (Int +2) [mutagenic meat]
 25723 | Spider:4 | Got a pair of faintly humming gloves
 25761 | Spider:4 | Reached XP level 17. HP: 93/173 MP: 6/22
 25951 | Spider:3 | Identified the +1 pair of gloves of the Apprentice {+Fly Dex+7} (You found it on level 4 of the Spider Nest)
 25986 | Spider:4 | Noticed shinino's illusion
 26503 | Spider:4 | Got a gossamer rune of Zot
 26594 | Spider:4 | Gained mutation: Your muscles are very strong. (Str +4) [mutagenic meat]
 26899 | Spider:3 | Noticed shinino's illusion
 26916 | Spider:3 | Noticed shinino's illusion
 27175 | Spider:3 | Killed Mara
 27390 | Swamp:1  | Entered Level 1 of the Swamp
 28732 | Swamp:2  | Reached skill level 15 in Armour
 28987 | Swamp:3  | Noticed fazisi's ghost (adept DgFE)
 29016 | Swamp:3  | Killed fazisi's ghost
 29079 | Swamp:3  | Reached skill level 21 in Axes
 29802 | Swamp:4  | Entered Level 4 of the Swamp
 30116 | Swamp:4  | Reached XP level 18. HP: 107/187 MP: 24/24
 30674 | Swamp:4  | Got a decaying rune of Zot
 31012 | D:15     | Entered Level 15 of the Dungeon
 31062 | D:15     | Gained mutation: You are dopey. (Int -2) [mutagenic meat]
 31126 | D:15     | Got a crude shortbow
 31296 | D:15     | Identified the Incunabulum of the Forgotten Dances
 31570 | D:15     | Found a staircase to the Depths.
 31673 | Vaults:1 | Entered Level 1 of the Vaults
 32092 | Vaults:1 | Found Tillewk's Antique Weapon Emporium.
 32732 | Vaults:1 | Received a gift from Trog
 32735 | Vaults:1 | Got a dazzling battleaxe {god gift}
 32736 | Vaults:1 | Identified the +8 battleaxe of Lakaaroe {flame, rElec rPois Int+2 Stlth+} (Trog gifted it to you on level 1 of the Vaults)
 32888 | Vaults:1 | Reached XP level 19. HP: 174/196 MP: 25/25
 33029 | Vaults:1 | Reached skill level 22 in Axes
 33996 | Vaults:2 | Received a gift from Trog
 34287 | Vaults:2 | Reached skill level 15 in Evocations
 34288 | Vaults:2 | Lost intelligence.
 34967 | Vaults:2 | Gained mutation: Your magical capacity is very low. (-20% MP) [mutagenic meat]
 34970 | Vaults:2 | Lost mutation: Your magical capacity is very low. (-20% MP) [mutagenic meat]
 34971 | Vaults:2 | Lost mutation: You are dopey. (Int -2) [mutagenic meat]
 34972 | Vaults:2 | Gained mutation: You have razor-sharp toenails. [mutagenic meat]
 34975 | Vaults:2 | Lost mutation: Your muscles are very strong. (Str +4) [mutagenic meat]
 34976 | Vaults:2 | Lost mutation: You have a pair of large horns on your head. [mutagenic meat]
 35239 | Vaults:3 | Got a pitted shield
 35263 | Vaults:3 | Received a gift from Trog
 35330 | Vaults:3 | Found a staircase to the Crypt.
 35355 | Vaults:3 | Noticed Xtahua
 35367 | Vaults:3 | Killed Xtahua
 35470 | Vaults:3 | Paralysed by a great orb of eyes for 3 turns
 35901 | Vaults:3 | Reached XP level 20. HP: 210/210 MP: 27/27
 35914 | Vaults:3 | Received a gift from Trog
 35941 | Vaults:3 | Lost mutation: You are surrounded by a mild repulsion field. (EV +2) [mutagenic meat]
 35942 | Vaults:3 | Gained mutation: You have claws for feet. [mutagenic meat]
 35943 | Vaults:3 | Lost mutation: You are robust. (+10% HP) [mutagenic meat]
 35946 | Vaults:3 | Lost mutation: You have supernaturally acute eyesight. (SInv) [mutagenic meat]
 35947 | Vaults:3 | Lost mutation: Your magical capacity is low. (-10% MP) [mutagenic meat]
 35949 | Vaults:3 | Lost mutation: You have claws for feet. [mutagenic meat]
 35950 | Vaults:3 | Gained mutation: Your mind is acute. (Int +2) [mutagenic meat]
 36504 | Vaults:4 | Gained mutation: Your mind is very acute. (Int +4) [potion of mutation]
 36753 | Vaults:4 | Noticed Mennas
 37252 | Vaults:4 | Killed Mennas
 37252 | Vaults:4 | Reached skill level 23 in Axes
 37419 | Vaults:4 | Gained mutation: You are resistant to hostile enchantments. (MR+) [mutagenic meat]
 37422 | Vaults:4 | Gained mutation: You are robust. (+10% HP) [mutagenic meat]
 37423 | Vaults:4 | Gained mutation: You have an increased reservoir of magic. (+10% MP) [mutagenic meat]
 37546 | Vaults:4 | Gained mutation: You have very sharp fingernails. [mutagenic meat]
 37549 | Vaults:4 | Gained mutation: Your flesh is heat resistant. (rF+) [mutagenic meat]
 37550 | Vaults:4 | Lost mutation: Your mind is very acute. (Int +4) [mutagenic meat]
 37551 | Vaults:4 | Lost mutation: Your flesh is heat resistant. (rF+) [mutagenic meat]
 37555 | Vaults:4 | Lost mutation: You have an increased reservoir of magic. (+10% MP) [mutagenic meat]
 38021 | Vaults:4 | Gained mutation: Your spells are a little harder to cast, but a little more powerful. [mutagenic meat]
 38024 | Vaults:4 | Lost mutation: You tend to lose your temper in combat. [mutagenic meat]
 38025 | Vaults:4 | Lost mutation: You are resistant to hostile enchantments. (MR+) [mutagenic meat]
 38026 | Vaults:4 | Lost mutation: Your spells are a little harder to cast, but a little more powerful. [mutagenic meat]
 38029 | Vaults:4 | Gained mutation: You tend to lose your temper in combat. [mutagenic meat]
 38031 | Vaults:4 | Gained mutation: You are partially covered in molten scales. (AC +2) [mutagenic meat]
 38032 | Vaults:4 | Gained mutation: You are resistant to electric shocks. (rElec) [mutagenic meat]
 38033 | Vaults:4 | Gained mutation: Your body sometimes deteriorates upon taking damage. [mutagenic meat]
 38035 | Vaults:4 | Lost mutation: Your muscles are strong. (Str +2) [mutagenic meat]
 38036 | Vaults:4 | Lost mutation: Your mind is acute. (Int +2) [mutagenic meat]
 38039 | Vaults:4 | Lost mutation: Your body sometimes deteriorates upon taking damage. [mutagenic meat]
 38136 | Vaults:4 | Paralysed by a great orb of eyes for 3 turns
 38144 | Vaults:4 | Gained mutation: You have claws for feet. [mutagenic meat]
 38145 | Vaults:4 | Lost mutation: You are resistant to electric shocks. (rElec) [mutagenic meat]
 38257 | Vaults:4 | Received a gift from Trog
 39166 | Elf:1    | Entered Level 1 of the Elven Halls
 39335 | Elf:1    | Noticed Agnes
 39337 | Elf:1    | Killed Agnes
 39458 | Elf:1    | Reached XP level 21. HP: 222/222 MP: 32/32
 40055 | Elf:2    | Received a gift from Trog
 40213 | Elf:2    | Found a runed gate.
 40213 | Elf:2    | Found a runed gate.
 40213 | Elf:2    | Found a runed gate.
 40707 | Elf:2    | Lost mutation: You are partially covered in molten scales. (AC +2) [potion of cure mutation]
 40707 | Elf:2    | Lost mutation: You have claws for feet. [potion of cure mutation]
 40707 | Elf:2    | Lost mutation: You are robust. (+10% HP) [potion of cure mutation]
 40708 | Elf:2    | Lost mutation: You tend to lose your temper in combat. [potion of cure mutation]
 40708 | Elf:2    | Lost mutation: You are partially covered in yellow scales. (AC +2) [potion of cure mutation]
 40964 | Depths:1 | Entered Level 1 of the Depths
 41236 | Depths:1 | Received a gift from Trog
 41267 | Depths:1 | Reached skill level 24 in Axes
 41403 | Depths:1 | Gained mutation: You occasionally shout uncontrollably at your foes. [mutagenic meat]
 41404 | Depths:1 | Gained mutation: Your flesh is heat resistant. (rF+) [mutagenic meat]
 41405 | Depths:1 | Gained mutation: You evolve. [mutagenic meat]
 41406 | Depths:1 | Gained mutation: You are dopey. (Int -2) [mutagenic meat]
 41418 | Depths:1 | Found a gateway to Hell.
 41473 | Depths:1 | Gained mutation: You passively map a small area around you. [evolution]
 41526 | Depths:1 | Gained mutation: Your spells are a little easier to cast, but a little less powerful. [a shining eye]
 41571 | Depths:1 | Gained mutation: You possess an exceptional clarity of mind. [mutagenic meat]
 41776 | Depths:1 | Found a one-way gate to the infinite horrors of the Abyss.
 41952 | Depths:1 | HP: 1/204 [something/vampiric draining (18)]
 42601 | Depths:2 | Got an encrusted chain mail
 42666 | Depths:2 | Received a gift from Trog
 42743 | Depths:2 | Found Eleilosa's Weapon Emporium.
 42761 | Depths:2 | Found Lossi's Food Shoppe.
 42764 | Depths:2 | Found Feolotelu's General Store.
 42773 | Depths:2 | Bought a scroll of teleportation for 72 gold pieces
 42781 | Depths:2 | Bought a +3 amulet of reflection for 600 gold pieces
 42789 | Depths:2 | Found a gateway to a ziggurat.
 42790 | Depths:2 | Paralysed by a floating eye for 2 turns
 42793 | Depths:2 | Paralysed by a floating eye for 3 turns
 42802 | Depths:2 | Paralysed by a floating eye for 4 turns
 42809 | Depths:2 | Paralysed by a floating eye for 2 turns
 42815 | Depths:2 | Paralysed by a floating eye for 2 turns
 42874 | Depths:2 | Reached XP level 22. HP: 213/213 MP: 33/33
 43127 | Depths:2 | Paralysed by a lich for 7 turns
 43867 | Depths:3 | Noticed a juggernaut
 43905 | Depths:2 | Killed a juggernaut
 44253 | Depths:3 | Noticed a golden dragon
 44271 | Depths:3 | Killed a golden dragon
 44478 | Depths:3 | Noticed Saint Roka
 44508 | Depths:3 | Reached skill level 25 in Axes
 44823 | Depths:3 | Paralysed by a sphinx for 6 turns
 44867 | Depths:3 | Killed Saint Roka
 45172 | Depths:3 | Found a one-way gate leading to the halls of Pandemonium.
 45580 | Depths:4 | Noticed Boris
 45592 | Depths:4 | Killed Boris
 46360 | Depths:4 | Reached XP level 23. HP: 225/225 MP: 29/34
 46947 | Depths:4 | Lost mutation: You are dopey. (Int -2) [mutagenic meat]
 46949 | Depths:4 | Gained mutation: You are dopey. (Int -2) [mutagenic meat]
 46954 | Depths:4 | Lost mutation: You are dopey. (Int -2) [mutagenic meat]
 47419 | Depths:5 | Entered Level 5 of the Depths
 47702 | Depths:5 | Got a sparkling glass ring
 47724 | Depths:5 | Identified the ring "Ziom" {MP+9 Str+3 Int+4} (You took it off a hell knight on level 5 of the Depths)
 47824 | Depths:5 | Found a basalt altar of Yredelemnul.
 47928 | Depths:5 | Paralysed by a hornet for 3 turns
 48007 | Depths:5 | Gained mutation: You can translocate small distances at will. [mutagenic meat]
 48008 | Depths:5 | Lost mutation: Your spells are a little easier to cast, but a little less powerful. [mutagenic meat]
 48010 | Depths:5 | Gained mutation: Your muscles are strong. (Str +2) [mutagenic meat]
 48015 | Depths:5 | Got an ancient marble ring
 48277 | Depths:5 | Reached skill level 26 in Axes
 48727 | Depths:5 | Identified the ring of Atheism {+Inv rF+ rC+ MR- Dex+2} (You took it off an orc on level 5 of the Depths)
 48743 | Depths:5 | Noticed a caustic shrike
 48755 | Depths:5 | Killed a caustic shrike
 48764 | Depths:5 | Paralysed by a floating eye for 2 turns
 48924 | Depths:5 | Got an ancient brass ring
 48962 | Depths:5 | Found a gate to the Realm of Zot.
 49002 | Depths:5 | Found a shadowy altar of Dithmenos.
 49017 | Depths:5 | Identified the ring "Xewoppup" {Ice SInv} (You took it off a naga sharpshooter on level 5 of the Depths)
 49181 | Depths:5 | Found an ancient bone altar of Kikubaaqudgha.
 49459 | Elf:3    | Entered Level 3 of the Elven Halls
 49548 | Elf:3    | Found Opleben's Distillery.
 49563 | Elf:3    | Bought a potion of agility for 84 gold pieces
 49563 | Elf:3    | Bought a potion of curing for 63 gold pieces
 49563 | Elf:3    | Bought a potion of heal wounds for 105 gold pieces
 49563 | Elf:3    | Bought a potion of mutation for 52 gold pieces
 49563 | Elf:3    | Bought a potion of agility for 84 gold pieces
 49563 | Elf:3    | Bought a potion of flight for 63 gold pieces
 49563 | Elf:3    | Gained mutation: Your spells are a little easier to cast, but a little less powerful. [potion of mutation]
 49563 | Elf:3    | Gained mutation: Your flesh is very heat resistant. (rF++) [potion of mutation]
 49601 | Elf:3    | Found Ablokave's Armour Shoppe.
 49816 | Elf:3    | Noticed Bai Suzhen
 49838 | Elf:3    | Reached XP level 24. HP: 206/237 MP: 34/34
 50348 | Elf:3    | Found Coruf's Book Shoppe.
 50349 | Elf:3    | Found Suruhain's Magic Scroll Shop.
 50362 | Elf:3    | Bought a scroll of identify for 36 gold pieces
 50362 | Elf:3    | Bought a scroll of identify for 36 gold pieces
 50362 | Elf:3    | Bought a scroll of noise for 18 gold pieces
 50362 | Elf:3    | Bought a scroll of immolation for 63 gold pieces
 50362 | Elf:3    | Bought a scroll of blinking for 135 gold pieces
 50362 | Elf:3    | Bought a scroll of remove curse for 54 gold pieces
 50362 | Elf:3    | Bought a scroll of teleportation for 54 gold pieces
 50362 | Elf:3    | Bought a scroll of enchant weapon for 135 gold pieces
 50362 | Elf:3    | Bought a scroll of identify for 36 gold pieces
 50362 | Elf:3    | Bought a scroll of immolation for 63 gold pieces
 50444 | Elf:3    | Found Oremped's Assorted Antiques.
 50586 | Elf:3    | Received a gift from Trog
 51048 | Elf:3    | Killed Bai Suzhen
 51176 | Elf:3    | Got a polished hunting sling
 51755 | Vaults:5 | Entered Level 5 of the Vaults
 51793 | Vaults:5 | Found Yppo's Distillery.
 52033 | Vaults:5 | Reached skill level 27 in Axes
 52199 | Vaults:5 | Got an ominously black robe
 52203 | Vaults:5 | Got a faintly glowing lajatang
 52215 | Vaults:5 | Got a scorched falchion
 52225 | Vaults:5 | Got a brightly glowing long sword
 52228 | Vaults:5 | Identified the Collected Works on Boosting Moulding
 52247 | Vaults:5 | Got a smoking falchion
 52281 | Vaults:5 | Lost mutation: You possess an exceptional clarity of mind. [mutagenic meat]
 52301 | Vaults:5 | Got a shimmering robe
 52371 | Vaults:5 | Gained mutation: You tend to lose your temper in combat. [mutagenic meat]
 52375 | Vaults:5 | Gained mutation: Your magical capacity is low. (-10% MP) [mutagenic meat]
 52375 | Vaults:5 | Lost mutation: Your flesh is very heat resistant. (rF++) [potion of cure mutation]
 52375 | Vaults:5 | Lost mutation: Your spells are a little easier to cast, but a little less powerful. [potion of cure mutation]
 52375 | Vaults:5 | Lost mutation: You can translocate small distances at will. [potion of cure mutation]
 52375 | Vaults:5 | Lost mutation: You occasionally shout uncontrollably at your foes. [potion of cure mutation]
 52375 | Vaults:5 | Lost mutation: Your magical capacity is low. (-10% MP) [potion of cure mutation]
 52376 | Vaults:5 | Lost mutation: Your muscles are strong. (Str +2) [potion of cure mutation]
 52376 | Vaults:5 | Lost mutation: You have very sharp fingernails. [potion of cure mutation]
 52376 | Vaults:5 | Lost mutation: You evolve. [potion of cure mutation]
 52376 | Vaults:5 | Lost mutation: You tend to lose your temper in combat. [potion of cure mutation]
 52376 | Vaults:5 | Lost mutation: You passively map a small area around you. [potion of cure mutation]
 52419 | Vaults:5 | Got a scorched pewter ring
 52451 | Vaults:5 | Paralysed by a great orb of eyes for 7 turns
 52457 | Vaults:5 | HP: 9/239 [deep elf high priest/arrow (5)]
 52459 | Vaults:5 | Killed from afar by a deep elf high priest

Vault maps used:
D:1:      nicolae_arrival_somewhat_less_tricky_arrival
D:3:      minmay_roachtagon, dk_noncrumbling_2, uniq_terence
D:5:      serial_shops, shop, nicolae_shop_stone, first_bread,
          grunt_decor_one_mirror, nrook_mini_vaults, grunt_ministairs_2,
          uniq_grinder
D:7:      grunt_livestock, uniq_menkaure
D:8:      serial_ice, serial_ice_c, serial_ice_e, serial_ice_b, serial_ice_m,
          serial_ice_l, serial_ice_f, serial_ice_o, serial_ice_a, serial_ice_g,
          serial_ice_d, st_stairs_9
D:9:      minmay_misc_feat_encased, uniq_psyche
D:10:     erik_lair_island, serial_corexii_hall, corexii_hall_statues_i,
          corexii_hall_statues_t, corexii_hall_statues_i,
          corexii_hall_statues_i, minmay_statue_bubble
D:11:     zombieorc2_lemuel
D:12:     uniq_kirke, uniq_sonja
D:13:     lemuel_old_faithful
D:14:     david_vaults_3, uniq_nessos
D:15:     grunt_enter_depths_snipers, small_statue_intersection,
          minmay_misc_feat_plants, minivault_4, minmay_crystal_water
Lair:2:   nicolae_spider_entry_non_spiders, basic_altar, lemuel_fruit_tree,
          grunt_megastairs_3, serial_bayou_shore_a
Lair:4:   minmay_swamp_entry_worms, lab_entry_generic, lemuel_centaur_altar
Lair:5:   dragon1_lemuel
Lair:6:   guppyfry_lair_end_dragon, wormcave, dpeg_slime_entry_enclosed_altar,
          portal_ice_cave_entry_animals_and_master, minmay_lair_oklob_bushes,
          infiniplex_staircase_pool, uniq_snorg
Swamp:1:  hangedman_swamp_pad, swamp_pool4, nicolae_swamp_snake_nest
Swamp:2:  evilmike_swamp_ruin_house_6
Swamp:3:  evilmike_swamp_ruin_house_5
Swamp:4:  swamp_alternative, swamp_pool3, infiniplex_staircase_pool_2
Spider:1: uniq_asterion, uniq_donald, uniq_azrael, uniq_rupert
Spider:2: nicolae_spider_cling_halls
Spider:3: spider_trap, spiders_nest_ghost_moth_duel
Spider:4: grunt_spider_rune_circles, uniq_louise, uniq_mara, uniq_jorgrun
Orc:1:    serial_shops, nicolae_shop_behind_doors
Orc:2:    grunt_orc_tribal_feast
Elf:1:    kennysheep_underground_church, uniq_agnes
Elf:3:    elf_hall_gauntlet_narrow, serial_shops, shop, nicolae_shop_stone,
          shop, shop_fountains, nicolae_shop_window_shopping,
          nicolae_elf_w_pinch, uniq_bai_suzhen
Vaults:1: vaults_room_pools, v_alt_pattern_2, nicolae_vaults_big_ls,
          hangedman_vaults_trim, nicolae_vaults_little_squares_4,
          nicolae_vaults_triangles, ontoclasm_vaults_water_temple,
          vaults_dpeg_cross, vaults_room_pool, hangedman_vaults_nodes,
          vaults_dpeg_spiral, hangedman_vaults_capsules, serial_shops,
          nicolae_shop_overgrown_old_shop
Vaults:2: v_misc_30, nicolae_vaults_disjoint_gnomons, v_misc_17,
          vaults_room_fours, vaults_room_door_hall,
          nicolae_vaults_mini_display_case, ontoclasm_vaults_shout,
          vaults_room_stairs_pillars, ontoclasm_vaults_ring_square,
          ontoclasm_vaults_misaligned, nicolae_vaults_angled_halls
Vaults:3: minmay_crypt_entry_simple_round, hangedman_vaults_restitches,
          nicolae_vaults_network_s, vaults_standard_mumra_x,
          ontoclasm_vaults_chip, nicolae_vaults_twisting_passages,
          nicolae_vaults_little_squares_5, vaults_room_grunt_arrival_checkpoint,
          vaults_mumra_chevron_long, nicolae_vaults_little_squares_5,
          vaults_dpeg_encased_lava, uniq_xtahua
Vaults:4: nicolae_vaults_what_the_h, st_star, nicolae_vaults_little_squares_3,
          grunt_vaults_focal, v_pattern_4, nicolae_vaults_little_squares_3,
          v_rooms_1, grunt_vaults_diagonal, hangedman_vaults_trim,
          nicolae_vaults_little_ls, ontoclasm_vaults_gateway,
          vaults_room_hallway, uniq_mennas
Depths:1: abyss_entry_crystal, grunt_metal_band, minmay_stone_trees_small,
          kennysheep_generic_room_7
Depths:2: minmay_guarded_unrand_majin_bo, enter_ziggurat_d, nicolae_wwwww,
          pf_hell_entry_tar_spiral, minmay_shop_star
Depths:3: minmay_ornate_pinched, minmay_room_of_horrors, rand_demon_pan_entry_3,
          hell_entry, serial_sigils_hangedman_quiver,
          infiniplex_staircase_pillars_2, uniq_saint_roka
Depths:4: lemuel_troll_bridge, marbit_kobold_abyss_entry, hell_entry,
          minmay_staircase_statues, firewood_loft, uniq_boris
Depths:5: hangedman_spin_cycle, hell_entry
Lab:      labyrinth_mini_lab
IceCv:    ice_cave_caverns_03

Skill      XL: |  1  2  3  4  5  6  7  8  9 10 11 12 13 14 15 16 17 18 19 20 21 22 23 24 |
---------------+-------------------------------------------------------------------------+-----
Axes           | 4 5 7 8 9 11 12 13 14 15 16 17 18 19 20 21 22 23 24 25 26 27 | 27.0
Armour         | 5 8 10 12 14 15 16 18 19 20 | 20.0
Fighting       | 6 8 10 11 13 14 16 17 18 19 20 21 22 23 24 | 24.6
Evocations     | 5 7 9 10 11 12 13 14 15 16 | 16.5
Dodging        | 6 11 14 15 16 18 19 20 | 20.3

Action                   |  1- 3 |  4- 6 |  7- 9 | 10-12 | 13-15 | 16-18 | 19-21 | 22-24 || total
-------------------------+-------+-------+-------+-------+-------+-------+-------+-------++-------
Melee: Hand axe          |    61 |   110 |       |       |       |       |       |       ||   171
       Headbutt          |    11 |    27 |    31 |   101 |   283 |   294 |   400 |   430 ||  1577
       War axe           |       |     3 |   147 |   526 |   489 |       |       |       ||  1165
       Battleaxe         |       |       |       |       |   605 |   117 |       |       ||   722
       Unarmed           |       |       |       |       |    13 |       |       |       ||    13
       Executioner's axe |       |       |       |       |       |   872 |  1181 |  1144 ||  3197
       Kick              |       |       |       |       |       |       |   150 |       ||   150
Invok: Trog's Hand       |       |     1 |     2 |    18 |    32 |    35 |    52 |    78 ||   218
       Berserk           |       |     1 |     1 |     2 |     2 |       |       |     1 ||     7
       Burn Spellbooks   |       |       |     1 |     2 |     1 |     6 |     3 |     8 ||    21
       Brothers in Arms  |       |       |       |     2 |     9 |     6 |     1 |     4 ||    22
 Abil: Evoke Invisibilit |       |       |       |       |     1 |       |       |       ||     1
       Evoke Flight      |       |       |       |       |       |     1 |       |       ||     1
Evoke: Wand              |       |       |       |       |     3 |    62 |     2 |       ||    67
       Rod               |       |       |       |       |     7 |     4 |     6 |     4 ||    21
       Sack of spiders   |       |       |       |       |     1 |     2 |       |       ||     3
       Disc of storms    |       |       |       |       |       |    11 |     2 |       ||    13
       Fan of gales      |       |       |       |       |       |     2 |     1 |       ||     3
       Lamp of fire      |       |       |       |       |       |       |       |     3 ||     3
       Box of beasts     |       |       |       |       |       |       |       |     2 ||     2
       Phial of floods   |       |       |       |       |       |       |       |     1 ||     1
  Use: Scroll            |     1 |     1 |     4 |    11 |    15 |    26 |    17 |    25 ||   100
       Potion            |       |       |       |     6 |     7 |    15 |    18 |    25 ||    71
 Stab: Sleeping          |     1 |       |       |       |     8 |     7 |     4 |       ||    20
       Distracted        |       |       |       |       |     1 |     3 |     1 |     1 ||     6
       Confused          |       |       |       |       |     1 |       |       |       ||     1
       Invisible         |       |       |       |       |       |    15 |       |     6 ||    21
       Paralysed         |       |       |       |       |       |    48 |       |       ||    48
       Held in net/web   |       |       |       |       |       |     1 |       |       ||     1
  Eat: Chunk             |     2 |     5 |    17 |    23 |    77 |    34 |   108 |    57 ||   323
       Pizza             |       |       |       |     7 |       |     5 |     3 |     2 ||    17
       Beef jerky        |       |       |       |       |       |     6 |       |     2 ||     8
       Royal jelly       |       |       |       |       |       |     2 |     4 |     9 ||    15
       Fruit             |       |       |       |       |       |     8 |     8 |     3 ||    19
       Meat ration       |       |       |       |       |       |       |       |     1 ||     1
Armor: Animal skin       |     7 |       |       |       |       |       |       |       ||     7
       Chain mail        |     5 |    64 |    96 |   156 |       |       |       |       ||   321
       Scale mail        |       |       |       |    31 |   278 |   503 |   100 |       ||   912
       Plate armour      |       |       |       |       |       |       |   350 |   286 ||   636
       Gold dragon scale |       |       |       |       |       |       |       |   201 ||   201
Dodge: Dodged            |    34 |    51 |    57 |   264 |  1094 |  1631 |  1123 |  1053 ||  5307
Block: Other             |       |       |       |       |       |       |     3 |   100 ||   103
       Reflection        |       |       |       |       |       |       |       |    10 ||    10
